 Dungeon Crawl Stone Soup version 0.22-a0-192-g6ffc940 (webtiles) character file.

55 vishdafish the Skirmisher (level 3, -1/29 HPs)
             Began as a Demonspawn Fighter on Feb 16, 2018.
             Killed from afar by Natasha (6 damage)
             ... with a magic dart
             ... on level 2 of the Dungeon.
             The game lasted 00:01:25 (1795 turns).

vishdafish the Skirmisher (Demonspawn Fighter)      Turns: 1795, Time: 00:01:26

Health: -1/29      AC:  6    Str: 16    XL:     3   Next: 67%
Magic:  3/3        EV:  6    Int: 10    God:
Gold:   110        SH:  8    Dex: 12    Spells: 2/2 levels left

rFire    . . .     SeeInvis +   a - +0 long sword
rCold    + . .     Gourm    .   c - +0 shield
rNeg     . . .     Faith    .   b - +0 scale mail
rPois    .         Spirit   .   (no helmet)
rElec    .         Reflect  .   (no cloak)
rCorr    .         Harm     .   (no gloves)
MR       .....                  (no boots)
Stlth    ..........             (no amulet)
HPRegen  0.09/turn              l - ring of ice
MPRegen  0.08/turn              (no ring)

@: heavily drained
A: talons 1, see invisible, fire resistance 1, sense surroundings 1, rot
immunity
a: no special abilities


You were on level 2 of the Dungeon.
You were not hungry.

You visited 1 branch of the dungeon, and saw 2 of its levels.

You collected 110 gold pieces.

Inventory:

Hand Weapons
 a - a +0 long sword (weapon)
Armour
 b - a +0 scale mail (worn)
 c - a +0 shield (worn)
Jewellery
 l - a ring of ice (left hand)
Scrolls
 d - a scroll of fear {unknown}
 e - 3 scrolls of remove curse {unknown}
 h - 4 scrolls of identify {unknown}
 i - 3 scrolls of teleportation {unknown}
 j - a scroll of amnesia {unknown}
 k - a scroll of enchant weapon {unknown}
 n - a scroll of noise {unknown}
Comestibles
 f - 6 rations


   Skills:
 + Level 3.4(2.2) Fighting
 + Level 2.4(1.2) Long Blades
 + Level 3.2(2.1) Armour
 + Level 0.3(0.0) Dodging
 + Level 2.9(1.7) Shields


You had 2 spell levels left.
You didn't know any spells.

Dungeon Overview and Level Annotations

Branches:
Dungeon (2/15)

Altars:
Ashenzari
Sif Muna

Annotations:
D:2 Natasha


Innate Abilities, Weirdness & Mutations

You have sharp toenails.
You are immune to rotting.
You have supernaturally acute eyesight. (SInv)
Your flesh is heat resistant. (rF+)
You passively map a small area around you.


Message History

You feel a strange attunement to the structure of the dungeons.
Natasha stares at you and mumbles some strange words.
You resist with significant effort. You block the crimson imp's attack.
You hit Natasha.
Natasha is moderately wounded.
Natasha completely misses you.
You riposte.
You closely miss Natasha. You claw Natasha.
Natasha is heavily wounded.
The crimson imp blinks!
Natasha claws you.
* * * LOW HITPOINT WARNING * * *
You completely miss Natasha.
Natasha is heavily wounded.
The crimson imp hits you but does no damage.
You block Natasha's attack.
The crimson imp blinks!
Unknown command.
Your shield prevents you from hitting Natasha.
Natasha is heavily wounded.
Natasha stares at you and mumbles some strange words.
The magic dart hits you!
You die...

...8#...# ##.# #.........#
...##...# #.## #.........#
* ...##...# #..#
#.........# ...##...# ##.#
#.........# ...8#...#
###.###.....5...#
...########...............#
...##8###8#...............#
..........................#
.⌠..............@.........#
...............h§##.#######
...##8###8#......##.#
...########......##.# ...8#
#.........##.# ...##
##.........##.# ...#
#...........#.# ...##
#...........#.# ...8#
#...........#.#


You could see Natasha and a crimson imp.

Vanquished Creatures
  Natasha (D:2)
  A worm (D:2)
  2 dart slugs
  A giant cockroach (D:1)
  2 hobgoblins (D:2)
  6 kobolds
  5 bats
  A frilled lizard (D:1)
  A giant cockroach zombie (D:2)
  5 goblins
  3 rats (D:1)
28 creatures vanquished.

Notes
Turn   | Place    | Note
-------+----------+-------------------------------------------
     0 | D:1      | vishdafish the Demonspawn Fighter began the quest for the Orb.
     0 | D:1      | Reached XP level 1. HP: 18/18 MP: 1/1
   193 | D:1      | Gained mutation: You have sharp toenails. [demonic ancestry]
   193 | D:1      | Reached XP level 2. HP: 6/24 MP: 2/2
  1187 | D:2      | Found a deep blue altar of Sif Muna.
  1187 | D:2      | Found a shattered altar of Ashenzari.
  1226 | D:2      | Noticed Natasha
  1235 | D:2      | Killed Natasha
  1235 | D:2      | Gained mutation: You are immune to rotting. [demonic ancestry]
  1235 | D:2      | Reached XP level 3. HP: 8/29 MP: 3/3
  1785 | D:2      | Noticed Natasha
  1792 | D:2      | Gained mutation: Your flesh is heat resistant. (rF+) [potion of mutation]
  1792 | D:2      | Gained mutation: You have supernaturally acute eyesight. (SInv) [potion of mutation]
  1792 | D:2      | Gained mutation: You passively map a small area around you. [potion of mutation]
  1795 | D:2      | Killed from afar by Natasha

Vault maps used:
D:1:      lemuel_arrival_rhombus, palyth_stone_intersect, minmay_crystal_room
D:2:      gammafunk_temple_overflow_wave, serial_corexii_hall,
          corexii_hall_statues_x, corexii_hall_statues_x, first_ration,
          nrook_loot_triangle, uniq_natasha

Skill      XL: |  1  2 |
---------------+-------+-----
Long Blades    | 2 |  2.4
Armour         | 3 |  3.2
Fighting       | |  3.4
Dodging        | |  0.3
Shields        | |  2.9

Action                   || total
-------------------------++-------
Melee: Long sword        ||    80
       Kick              ||    18
  Use: Potion            ||     3
  Eat: Ration            ||     1
Armor: Scale mail        ||    44
Dodge: Dodged            ||    17
Block: Shield            ||    39
       Rpst.: Long sword ||     6

Table legend:
 A = Spawn XP
 B = Non-spawn XP
 C = Spawn XP percentage of total XP
 D = Spawn monster count
 E = Non-spawn monster count
 F = Spawn count percentage of total count
 G = Total turns spent on level
                    A         B        C        D         E        F      G
               +---------+---------+-------+---------+---------+-------+---------
         Total |       0 |      79 |   0.0 |       0 |      28 |   0.0 |  1795
               +---------+---------+-------+---------+---------+-------+---------
           D:1 |       0 |      21 |   0.0 |       0 |      14 |   0.0 |   876
           D:2 |       0 |      58 |   0.0 |       0 |      14 |   0.0 |   919
               +---------+---------+-------+---------+---------+-------+---------
